 Dungeon Crawl Stone Soup version 0.27-a0-1196-g3e9cee4cb2 (webtiles) character file.

Game seed: 15122598585513837875

6364 experimilk the Earth Mage (level 10, -10/50 HPs)
             Began as a Gargoyle Earth Elementalist on May 30, 2021.
             Was a Believer of Vehumet.
             Mangled by a two-headed ogre
             ... wielding a +0 giant spiked club
              (17 damage)
             ... on level 8 of the Dungeon.
             The game lasted 00:38:19 (21408 turns).

experimilk the Earth Mage (GrEE)                   Turns: 21408, Time: 00:38:20

Health: -10/50     AC: 18    Str: 18    XL:     10   Next: 97%
Magic:  1/18       EV: 10    Int: 19    God:    Vehumet [**....]
Gold:   334        SH:  0    Dex: 10    Spells: 2/20 levels left

rFire    . . .     SeeInvis +   k - +3 whip (freeze)
rCold    . . .     Faith    .   (no shield)
rNeg     + . .     Spirit   .   B - +1 scale mail {Will+}
rPois    ∞         Reflect  .   (no helmet)
rElec    +         Harm     .   G - +0 cloak
rCorr    .         Rampage  .   (no gloves)
Will     +....                  v - +1 pair of boots
Stlth    ..........             (no amulet)
HPRegen  0.16/turn              i - +6 ring of strength
MPRegen  0.16/turn              c - ring of see invisible

@: mighty
A: sickness immunity, AC +7, negative energy resistance 1, electricity
resistance, torment resistance 1, petrification resistance
a: Renounce Religion


You were on level 8 of the Dungeon.
You worshipped Vehumet.
Vehumet was pleased with you.
You visited 2 branches of the dungeon, and saw 10 of its levels.
You also visited: Bailey.

You collected 334 gold pieces.

Inventory:

Hand Weapons
 f - a +2 dagger of venom
 k - a +3 whip of freezing (weapon)
 t - a +3 dire flail of freezing
Missiles
 b - 198 stones
 g - 8 curare-tipped darts
Armour
 r - a +0 leather armour
 v - a +1 pair of boots (worn)
 B - a +1 scale mail of willpower (worn)
 E - +0 steam dragon scales
 G - a +0 cloak (worn)
Jewellery
 c - a ring of see invisible (right hand)
 i - a +6 ring of strength (left hand)
Wands
 h - a wand of iceblast (5)
 l - a wand of charming (3)
 p - a wand of acid (2)
 z - a wand of flame (13)
 D - a wand of paralysis (12)
Scrolls
 e - a scroll of teleportation
 j - a scroll of vulnerability {unknown}
 o - a scroll of acquirement {unknown}
 u - a scroll of immolation {unknown}
 x - a scroll of fear {unknown}
 A - a scroll of torment {unknown}
 F - a scroll of silence {unknown}
 H - a scroll of enchant armour {unknown}
Potions
 d - 3 potions of curing
 m - a potion of might
 n - a potion of haste {unknown}
 q - a potion of magic {unknown}
 s - 4 potions of lignification
 w - 3 potions of flight {unknown}
 C - a potion of cancellation {unknown}
Miscellaneous
 y - a phantom mirror (inert)


   Skills:
 + Level 3.5 Armour
 - Level 1.5 Dodging
 - Level 2.1 Stealth
 + Level 5.6 Spellcasting
 - Level 6.0 Transmutations
 - Level 15.0 Earth Magic


You had 2 spell levels left.
You knew the following spells:

 Your Spells              Type           Power      Damage    Failure   Level
a - Sandblast             Erth           100%       2d20      1%          1
b - Stone Arrow           Conj/Erth      66%        3d11      4%          3
c - Lee's Rapid Deconstr  Erth           29%        3d16*     2%          5
d - Petrify               Tmut/Erth      45%        N/A       4%          4
e - Hydra Form            Tmut           14%        N/A       65%         5

Your spell library contained the following spells:

 Spells                   Type           Power      Damage    Failure   Level
 Searing Ray              Conj           10%        3d3       50%         2
 Passwall                 Tmut/Erth      37%        N/A       1%          2
 Beastly Appendage        Tmut           56%        N/A       3%          1
 Wereblood                Tmut           28%        N/A       4%          2
 Magic Dart               Conj           20%        1d4       36%         1
 Shock                    Conj/Air       20%        1d4       36%         1
 Blink                    Tloc           N/A        N/A       50%         2
 Call Imp                 Summ           5%         N/A       50%         2
 Slow                     Hex            5%         N/A       50%         2
 Static Discharge         Conj/Air       5%         N/A       50%         2
 Spider Form              Tmut/Pois      8%         N/A       32%         3
 Ice Form                 Ice/Tmut       16%        N/A       71%         4
 Conjure Flame            Conj/Fire      5%         6-21      73%         3
 Mephitic Cloud           Conj/Pois/Air  5%         N/A       73%         3
 Swiftness                Air            5%         N/A       73%         3
 Airstrike                Air            2%         N/A       98%         4
 Lightning Bolt           Conj/Air       2%         1d14      100%        5


Dungeon Overview and Level Annotations

Branches:
Dungeon (9/15)             Temple (1/1) D:5          Bailey (visited)
   Lair: D:8-11         Orc: D:9-12

Altars:
Ashenzari
Cheibriados
Dithmenos
Elyvilon
Fedhas
Gozag
Hepliaklqana
Kikubaaqudgha
Makhleb
Okawaru
Qazlal
Ru
Trog
Uskayaw
Vehumet
Wu Jian
Xom
Yredelemnul
Zin
The Shining One

Shops:
D:1 *   D:7 (


Innate Abilities, Weirdness & Mutations

You are immune to sickness and miasma.
Your stone body is resilient. (AC +7)
You are immune to poison.
You resist negative energy. (rN+)
You are resistant to electric shocks. (rElec)
You are resistant to unholy torment.
You are immune to petrification.


Message History

Press: ? - help, Shift-Dir - straight line, f/p - two-headed ogre
Aim: a two-headed ogre, wielding a +0 giant spiked club and a +0 giant club (chance to affect: 52%)
The two-headed ogre resists with significant effort.
Casting: Petrify (dangerous; 4% risk of failure)
Confirm with . or Enter, or press ? or * to list all spells.
You don't have enough magic to cast this spell.
Casting: Petrify (dangerous; 4% risk of failure)
Confirm with . or Enter, or press ? or * to list all spells.
Aiming: Petrify (dangerous; 4% risk of failure)
Press: ? - help, Shift-Dir - straight line, f/p - two-headed ogre
Aim: a two-headed ogre, wielding a +0 giant spiked club and a +0 giant club (chance to affect: 52%)
The two-headed ogre is moving more slowly.
You hit the two-headed ogre. You freeze the two-headed ogre.
The two-headed ogre is lightly wounded.
The two-headed ogre hits you with a +0 giant spiked club!
The two-headed ogre hits you with a +0 giant club.
You hit the two-headed ogre. You freeze the two-headed ogre.
The two-headed ogre is lightly wounded.
The two-headed ogre stops moving altogether!
The helpless two-headed ogre fails to defend itself.
You hit the two-headed ogre. You freeze the two-headed ogre.
The two-headed ogre is lightly wounded.
The helpless two-headed ogre fails to defend itself.
You hit the two-headed ogre. You freeze the two-headed ogre.
The two-headed ogre is lightly wounded.
The helpless two-headed ogre fails to defend itself.
You hit the two-headed ogre but do no damage.
The two-headed ogre is lightly wounded.
The helpless two-headed ogre fails to defend itself.
You whack the two-headed ogre! You freeze the two-headed ogre.
The two-headed ogre is lightly wounded.
You feel better.
The two-headed ogre is no longer petrified.
The two-headed ogre hits you with a +0 giant spiked club!
The two-headed ogre hits you with a +0 giant club!
You feel very mighty all of a sudden.
The two-headed ogre hits you with a +0 giant spiked club!
* * * LOW HITPOINT WARNING * * *
The two-headed ogre hits you with a +0 giant club!
You die...

##.#.............####....####[
#..#..............###>...####.
#.##............#....).#....##
#.##............##.##.....#.##
#.##............##....##......
#.#####.#...##...........###..
#.# ##....#........#######....
#.# #..#.#####..##.## #......
#.###.##.###O@......####.##...
#.##.........#.###..#....##...
#....#########.###..#....#####
#..### #.##........## #..#
#....##......## ####..###
#..#####......### ...#....##
#..# #....#.... .........##
#### #....####. ..........#
#....# ##


You could see a two-headed ogre.

Vanquished Creatures
  2 orc knights (Bailey)
  5 yaks
  A wyvern (D:8)
  A shadow (D:7)
  Grum (D:8)
  A steam dragon (D:8)
  2 vampire mosquitoes (D:9)
  Edmund (D:4)
  2 water moccasins
  An acid dragon (D:8)
  4 orc warriors
  An ice beast (D:6)
  2 sky beasts (D:8)
  A hornet zombie (D:7)
  A black bear (D:7)
  2 necrophages
  An ogre (D:3)
  4 phantoms
  4 wolves (D:8)
  A centaur (D:8)
  4 bullfrogs
  A wyvern zombie (D:8)
  2 scorpions
  A wyvern skeleton (D:7)
  3 howler monkeys (D:8)
  A centaur zombie (D:4)
  A jelly (D:5)
  4 hounds
  3 bullfrog skeletons
  2 centaur skeletons
  6 orc priests
  A gnoll shaman (D:7)
  6 iguanas
  7 orc wizards
  A killer bee zombie (D:6)
  16 gnolls
  A howler monkey skeleton (D:6)
  4 adders
  2 white imps (D:6)
  2 ufetubi (D:6)
  4 worms
  2 dart slugs
  19 orcs
  5 ball pythons
  10 endoplasms
  4 giant cockroaches
  8 goblins
  4 hobgoblins
  14 jackals
  2 quokkas
  A ball python zombie (D:3)
  5 bats
  3 frilled lizards (D:1)
  A giant cockroach zombie (D:3)
  22 kobolds
  A quokka skeleton (D:4)
  A quokka zombie (D:3)
  9 rats
221 creatures vanquished.

Vanquished Creatures (collateral kills)
  An orc wizard (D:6)
  An adder (D:6)
  2 orcs (D:6)
4 creatures vanquished.

Grand Total: 225 creatures vanquished

Notes
Turn   | Place    | Note
-------+----------+-------------------------------------------
     0 | D:1      | experimilk the Gargoyle Earth Elementalist began the quest
                  | for the Orb.
     0 | D:1      | Reached XP level 1. HP: 10/10 MP: 3/3
   141 | D:1      | Reached skill level 4 in Earth Magic
   449 | D:1      | Found a faded altar of an unknown god.
   457 | D:1      | Reached XP level 2. HP: 15/15 MP: 3/5
   683 | D:1      | Found Woyjimikk's General Store.
   950 | D:1      | Reached skill level 5 in Earth Magic
   950 | D:1      | Reached XP level 3. HP: 13/19 MP: 0/6
  1277 | D:1      | Learned a level 3 spell: Stone Arrow
  2518 | D:2      | Reached XP level 4. HP: 24/24 MP: 0/7
  2557 | D:2      | Reached skill level 6 in Earth Magic
  3444 | D:3      | Noticed an ogre
  3651 | D:3      | Noticed a phantom
  3689 | D:3      | Killed a phantom
  3690 | D:3      | Reached skill level 7 in Earth Magic
  3690 | D:3      | Reached XP level 5. HP: 26/28 MP: 2/8
  3958 | D:3      | Found a basalt altar of Yredelemnul.
  4126 | D:3      | Killed an ogre
  4127 | D:3      | Reached skill level 8 in Earth Magic
  4127 | D:3      | Reached XP level 6. HP: 16/32 MP: 1/9
  4689 | D:3      | Learned a level 5 spell: Lee's Rapid Deconstruction
  4975 | D:5      | Entered Level 5 of the Dungeon
  4981 | D:5      | Found a staircase to the Ecumenical Temple.
  4990 | Temple   | Entered the Ecumenical Temple
  4999 | Temple   | Became a worshipper of Vehumet
  5754 | D:4      | Noticed Edmund
  5765 | D:4      | Noticed a necrophage
  6106 | D:4      | Reached skill level 9 in Earth Magic
  6421 | D:4      | Killed a necrophage
  6422 | D:4      | Reached XP level 7. HP: 32/36 MP: 3/10
  6898 | D:4      | Killed Edmund
  6899 | D:4      | Reached skill level 10 in Earth Magic
  7262 | D:4      | Reached * piety under Vehumet
  7262 | D:4      | Offered knowledge of Freeze by Vehumet.
  7798 | D:5      | Reached XP level 8. HP: 25/41 MP: 0/11
  7804 | D:5      | Reached skill level 11 in Earth Magic
  9439 | D:5      | Reached skill level 12 in Earth Magic
 11438 | D:6      | Noticed a yak
 11439 | D:6      | Noticed a yak
 11439 | D:6      | Noticed a yak
 11453 | D:6      | Reached skill level 13 in Earth Magic
 11735 | D:6      | Noticed a yak
 11741 | D:6      | Noticed a yak
 11746 | D:5      | Killed a yak
 11747 | D:5      | Reached XP level 9. HP: 42/45 MP: 2/12
 12532 | D:6      | Reached skill level 14 in Earth Magic
 12532 | D:6      | Reached skill level 1 in Transmutations
 12995 | D:6      | Found a hide-covered altar of Uskayaw.
 13673 | D:7      | Noticed a troll
 13699 | D:7      | Found Depn's Weapon Boutique.
 13731 | D:7      | Found a flagged portal.
 13737 | Bailey   | Entered a bailey
 13838 | Bailey   | Offered knowledge of Searing Ray by Vehumet.
 14752 | Bailey   | Learned a level 4 spell: Petrify
 15163 | Bailey   | Identified the +1 chain mail of the Lily {Fly rPois rF- rC+
                  | Slay+3}
 15163 | Bailey   | Noticed an orc knight
 15174 | Bailey   | Killed an orc knight
 15174 | Bailey   | Reached ** piety under Vehumet
 15295 | Bailey   | Noticed an orc knight
 15304 | Bailey   | Killed an orc knight
 15305 | Bailey   | Reached XP level 10. HP: 39/50 MP: 1/15
 15555 | Bailey   | Found an iron altar of Okawaru.
 16312 | D:7      | Reached skill level 5 in Transmutations
 19024 | D:5      | Learned a level 5 spell: Hydra Form
 19303 | D:8      | Reached skill level 1 in Armour
 19674 | D:8      | Identified the +1 robe of Ciodos {Harm Str-4 Int-5 Slay+5}
 20254 | D:8      | Reached skill level 5 in Spellcasting
 20254 | D:8      | Reached skill level 15 in Earth Magic
 20270 | D:8      | Noticed Grum
 20275 | D:8      | Killed Grum
 21331 | D:9      | Noticed a two-headed ogre
 21408 | D:8      | Mangled by a two-headed ogre

Illustrated notes

Levels and vault maps discovered:
D:1:      giann_wishing_wells, layout_loops_ring, basic_ecumenical_altar,
          serial_shops, nicolae_shop_stone
D:2:      layout_loops_ring, minmay_misc_feat_pillars, item_on_display_a
D:3:      layout_loops_ring, nicolae_yredelemnul_corpse_copse,
          roderic_roman_lattice
D:4:      layout_rooms, uniq_edmund
D:5:      layout_basic, minmay_temple_entry_sparse_star, serial_curves,
          eino_curves_03, eino_curves_02, nrook_campfire
D:6:      layout_rooms, eat_drink_and_be_merry_uskayaw, grunt_ministairs_10,
          minmay_crossroads
D:7:      layout_layer_cave, serial_shops, nicolae_shop_waterfront,
          enter_bailey_3, lightli_corner_chamber
D:8:      layout_rooms, uniq_grum
D:9:      layout_roguey, dpeg_lair_monsters, david_orc_3,
          minmay_stone_trees_small, hangedman_decor_push,
          amcnicky_mini_rare_corridor_liquid, uniq_prince_ribbit1, uniq_maurice
Temple:   nicolae_temple_no_exploring_needed

Skill      XL: |  1  2  3  4  5  6  7  8  9 10 |
---------------+-------------------------------+-----
Earth Magic    | 4 5 7 8 9 10 13 14 15 | 15.0
Transmutations | 4 6 |  6.0
Spellcasting   | 3 5 |  5.6
Armour         | 3 |  3.5
Dodging        | |  1.5
Stealth        | |  2.1

Action                   |  1- 3 |  4- 6 |  7- 9 | 10-12 || total
-------------------------+-------+-------+-------+-------++-------
Melee: Dagger            |    14 |     5 |       |       ||    19
       Whip              |       |    40 |    74 |    38 ||   152
 Cast: Sandblast         |    57 |    46 |    26 |    17 ||   146
       Stone Arrow       |     2 |     5 |    74 |    64 ||   145
       Lee's Rapid Decon |       |     2 |     9 |     5 ||    16
       Petrify           |       |       |       |     7 ||     7
Evoke: Wand              |       |     4 |     7 |     3 ||    14
       Phantom mirror    |       |       |     1 |       ||     1
  Use: Scroll            |       |     4 |     5 |     3 ||    12
       Potion            |       |       |     2 |     3 ||     5
 Stab: Sleeping          |       |     2 |       |     1 ||     3
       Petrified         |       |       |       |     4 ||     4
Armor: Robe              |    11 |    34 |    15 |       ||    60
       Leather armour    |       |       |    61 |     9 ||    70
       Scale mail        |       |       |       |    27 ||    27
Dodge: Dodged            |    19 |    72 |   108 |    41 ||   240

Table legend: (Time is in decaauts)
 A = Elapsed time spent in this place.
 B = Non-inter-level travel time spent in this place.
 C = Inter-level travel time spent in this place.
 D = Time resting spent in this place.
 E = Time spent auto-exploring this place.
 F = Levels seen in this place.
 G = Mean time per level.
                   A        B        C        D        E       F      G
               +--------+--------+--------+--------+--------+-----+--------+
         Total |  21435 |  20786 |    649 |  13954 |   3760 |  11 | 1948.6 |
       Dungeon |  19566 |  18917 |    649 |  12350 |   3760 |   9 | 2174.0 |
        Temple |     20 |     20 |      0 |      0 |      0 |   1 |   20.0 |
        Bailey |   1848 |   1848 |      0 |   1604 |      0 |   1 | 1848.0 |
               +--------+--------+--------+--------+--------+-----+--------+

Top non-repeatable levels by time:
     D:5: 3705 daAuts
     D:8: 2966 daAuts
     D:7: 2799 daAuts
     D:4: 2391 daAuts
     D:6: 2292 daAuts
     D:3: 1882 daAuts
  Bailey: 1848 daAuts
     D:1: 1752 daAuts
     D:2: 1609 daAuts
     D:9: 166 daAuts
  Temple: 20 daAuts
